Description

spazy credtis

Replay - Ling mut mut

Build Order

Get SALT Encoding   

  12  0:00  Drone  
  13  0:12  Overlord  
  13  0:17  Drone  
  14  0:30  Drone x2  
  16  0:49  Hatchery  
  15  0:52  Drone x2  
  17  1:10  Spawning Pool  
  16  1:13  Drone x2  
  16  1:16  Extractor  
  17  1:21  Drone  
  18  1:27  Drone  
  19  1:38  Overlord  
  20  1:56  Queen x2  
  20  1:59  Zergling x4  
  28  2:17  Metabolic Boost  
  28  2:21  Overlord  
  29  2:33  Queen  
  33  2:43  Overlord  
  33  2:47  Zergling x2  
  34  2:53  Zergling x4  
  36  3:05  Zergling x6  
  39  3:15  Zergling x4  
  47  3:35  Hatchery  
  46  3:48  Overlord  
  50  4:30  Queen  
  51  4:31  Extractor x2  
  51  4:36  Queen  
  52  4:49  Queen  
  65  5:31  Lair  
  65  5:33  Extractor  
  74  6:02  Extractor  
  83  6:29  Spire  
  90  6:47  Queen  
  92  6:55  Overseer  
  99  7:29  Extractor  
  98  7:41  Mutalisk x10  
  120  7:45  Hatchery  
  120  7:53  Infestation Pit  
  120  7:54  Hydralisk Den  
  135  8:27  Hydralisk x5  
  136  9:12  Hydralisk x5  
  155  9:25  Hatchery  
  155  9:30  Evolution Chamber x2  
Spawning Tool Build Advisor. Get it on Overwolf

Go to:

Details

  • Created by: Psylockex
  • Published on: Jul 27, 2018
  • Modified on: Jul 27, 2018
  • Patch: 4.0.0
Show
View Real Time Build Order
Export as new Build Order

Comments (0)

There are no comments. Be the first!

Create an account to comment!